 Dungeon Crawl Stone Soup version 0.17-a0-1164-g0ba867e (webtiles) character file.

32460 neecht the Unseen (level 13, -12/55 HPs)
             Began as a Spriggan Enchanter on May 28, 2015.
             Was a High Priest of Dithmenos.
             Mangled by a cyan very ugly thing (24 damage)
             ... on level 4 of the Swamp on May 29, 2015.
             The game lasted 01:38:35 (10013 turns).

neecht the Unseen (Spriggan Enchanter)             Turns: 10013, Time: 01:38:35

Health: -12/55     AC: 10    Str:  5    XL:     13   Next: 31%
Magic:  21/28      EV: 34    Int: 22    God:    Dithmenos [*****.]
Gold:   1272       SH: 11    Dex: 23    Spells: 5 memorised, 21 levels left

rFire  + . .     SeeInvis +     v - +4 dagger
rCold  + . .     Clarity  .     Z - +0 steam dragon armour
rNeg   . . .     SustAt   .     G - +2 buckler
rPois  .         Gourm    .     M - +2 hat "Ihuunosi" {MR+}
rElec  .         Spirit   .     z - +0 cloak of the Blind Marksman {rF+ rC+ Dex+4}
rCorr  .         Warding  .     (gloves unavailable)
rMut   .         Stasis   .     (boots unavailable)
MR     +++..                    (no amulet)
Stlth  ++++++++++               V - +2 ring of protection
                                b - +4 ring of intelligence

@: wreathed by umbra, very quick, extremely resistant to hostile enchantments,
uncannily stealthy
A: unfitting armour, see invisible, herbivore 3, speed 3, slow metabolism 2
a: Shadow Step, Shadow Form, Renounce Religion


You were on level 4 of the Swamp.
You worshipped Dithmenos.
Dithmenos was extremely pleased with you.
You were not hungry.

You visited 4 branches of the dungeon, and saw 22 of its levels.
You also visited: Volcano.

You collected 1272 gold pieces.

Inventory:

Hand weapons
 l - a +0 dagger of pain
 p - a +0 blowgun
 v - a +4 dagger (weapon)
 H - a +0 quick blade
Missiles
 i - 90 poisoned needles
 J - 8 curare-tipped needles
Armour
 z - the +0 cloak of the Blind Marksman (worn) {rF+ rC+ Dex+4}
   (You found it on level 3 of the Swamp)

   It affects your dexterity (+4).
   It protects you from fire.
   It protects you from cold.
 G - a +2 buckler (worn)
 M - the +2 hat "Ihuunosi" (worn) {MR+}
   (You acquired it on level 7 of the Lair of Beasts)

   It affects your resistance to hostile enchantments.
 Z - a +0 steam dragon armour (worn)
Rods
 O - a -2 rod of inaccuracy (12/12)
   (You found it on level 7 of the Lair of Beasts)
Jewellery
 b - a +4 ring of intelligence (left hand)
 y - an uncursed ring of positive energy
 A - an uncursed amulet of the gourmand {unknown}
 C - an uncursed ring of protection from fire
 E - an uncursed ring of ice
 V - a +2 ring of protection (right hand)
Magical devices
 a - a wand of confusion (19)
 u - a wand of frost (21)
 R - a wand of paralysis (18)
 U - a wand of confusion (10)
 W - a wand of paralysis (14)
Scrolls
 f - 5 scrolls of remove curse
 h - 2 scrolls of enchant armour
 k - 3 scrolls of magic mapping
 n - a scroll of vulnerability {unknown}
 q - 3 scrolls of fear
 B - a scroll of holy word {unknown}
 D - 3 scrolls of recharging
 F - 2 scrolls of teleportation
 K - 4 scrolls of identify
 N - a scroll of fog {unknown}
 P - a scroll of torment {unknown}
 Y - 2 scrolls of enchant weapon {unknown}
Potions
 e - a potion of mutation {unknown}
 g - 4 potions of curing
 j - 3 potions of heal wounds {unknown}
 m - 2 potions of degeneration {unknown}
 o - a potion of beneficial mutation {unknown}
 r - 3 potions of ambrosia {unknown}
 s - 6 potions of brilliance {unknown}
 t - 3 potions of might {unknown}
 I - 2 potions of berserk rage {unknown}
 Q - 2 potions of cancellation {unknown}
 S - a potion of magic {unknown}
 T - a potion of haste {unknown}
 X - a potion of invisibility {unknown}
Books
 c - a book of Maledictions

   Spells                             Type                      Level
   a - Corona                         Hexes                        1
   b - Ensorcelled Hibernation        Hexes/Ice                    2
   c - Confuse                        Hexes                        3
   d - Tukima's Dance                 Hexes                        3
   e - Dazzling Spray                 Conjuration/Hexes            3
 w - a book of Battle

   Spells                             Type                      Level
   a - Infusion                       Charms                       1
   b - Shroud of Golubria             Charms/Translocation         2
   c - Song of Slaying                Charms                       2
   d - Spectral Weapon                Hexes/Charms                 3
   e - Regeneration                   Charms/Necromancy            3
 x - a book of Envenomations

   Spells                             Type                      Level
   a - Spider Form                    Transmutation/Poison         3
   b - Alistair's Intoxication        Transmutation/Poison         4
   c - Olgreb's Toxic Radiance        Poison                       4
   d - Poisonous Cloud                Conjuration/Poison/Air       6
Comestibles
 d - 12 bread rations
 L - 11 fruits


   Skills:
 - Level 1.1 Short Blades
 + Level 14.0 Dodging
 + Level 15.4 Stealth
 - Level 7.0 Shields
 - Level 10.6 Spellcasting
 + Level 15.2 Hexes


You had 21 spell levels left.
You knew the following spells:

 Your Spells              Type           Power        Failure   Level  Hunger
a - Corona                Hex            ######.      0%          1    None
b - Ensorcelled Hibernat  Hex/Ice        #####.       1%          2    None
c - Confuse               Hex            ######..     1%          3    None
d - Dazzling Spray        Conj/Hex       #####...     1%          3    None
e - Tukima's Dance        Hex            ######..     1%          3    None


Dungeon Overview and Level Annotations

Branches:
Dungeon (9/15)             Temple (1/1) D:5            Lair (8/8) D:9
  Swamp (4/4) Lair:3       Spider (0/4) Lair:3        Slime (0/6) Lair:6
    Orc: D:9-12

Altars:
Ashenzari
Cheibriados
Dithmenos
Elyvilon
Gozag
Kikubaaqudgha
Makhleb
Nemelex Xobeh
Okawaru
Sif Muna
Trog
Xom
Yredelemnul
Zin
Jiyva

Shops:
D:6 }::=

Annotations:
D:3 Sigmund
Swamp:3 Nikola
Swamp:4 Aizul, Jorgrun


Innate Abilities, Weirdness & Mutations

You are tiny and cannot use many weapons and most armour.
You have supernaturally acute eyesight.
You are a herbivore.
You cover ground extremely quickly.
You need consume almost no food.


Message History

The orange demon moves out of view.
A death ooze, an ugly thing, a hell beast and a small abomination come into view.
Found a decaying rune of Zot.
Use which ability? (? or * to list)
Aiming: Shadow Step
Press: ? - help, Dir - move target cursor, f - small abomination, p - cyan very ugly thing
Aim: a small abomination (resting, umbra)
You step into the small abomination's shadow.
A swamp dragon and a death ooze come into view.
The hell beast gives a hideous shriek!
You hear a horrible gurgling sound!
The death ooze quivers.
You hear a roar! x2
You hear a horrible gurgling sound!
The small abomination barely misses you.
The small abomination completely misses you.
A red ugly thing comes into view.
The cyan very ugly thing claws you!
* * * LOW HITPOINT WARNING * * *
The cyan very ugly thing shocks you!!
You die...

≈≈#≈#.≈≈#≈≈###≈≈≈#
...#≈#.≈.#.#≈.≈#
.≈...≈.≈#≈#..#≈≈.#
≈#...#§#.≈.#.#≈.≈♣
≈.#≈#≈≈≈#≈≈≈##D≈.#
≈ ≈.≈≈..≈≈4D≈≈≈≈.#
≈#≈#≈.≈.≈≈≈#≈♣≈≈#
♣≈#≈..♣≈#u≈≈≈.#
≈≈≈≈≈##!≈x@≈.≈#
###≈≈♣.uJ##.≈.♣
#≈#≈≈J#.##.≈#
#u≈#≈#.2J♣≈.#
#≈≈≈≈. #Jφ# ≈≈♣
≈≈≈≈# ♣## ♣#♣ #≈≈#
##≈ #


You could see a cyan very ugly thing, an eight-headed hydra, a swamp dragon
(wandering), 2 ugly things, an orange demon, 2 death oozes and a small
abomination.

Vanquished Creatures
  8 hydras
  2 alligators (Swamp:4)
  A catoblepas (Lair:5)
  Nergalle (Lair:1)
  Pikel (D:8)
  2 hornets
  A griffon (Lair:5)
  A sphinx skeleton (Volcano)
  3 black mambas
  15 spiny frogs
  2 elephants (Lair:7)
  A torpor snail (Lair:6)
  2 fire drakes (Lair:7)
  A guardian mummy (Volcano)
  A komodo dragon (Lair:7)
  4 polar bears
  A giant leech (Swamp:3)
  4 blink frogs (Lair:4)
  A bog body (Swamp:1)
  2 shadows
  2 vampires (Volcano)
  21 yaks
  2 flying skulls (Volcano)
  A redback (Lair:8)
  4 hippogriffs
  2 steam dragons
  Grum (D:8)
  2 spriggans
  A basilisk (Lair:2)
  3 hill giant skeletons (Volcano)
  10 wolves
  A mottled dragon (Lair:7)
  2 vampire mosquitoes (Swamp:3)
  11 water moccasins
  A merfolk skeleton (Volcano)
  11 porcupines
  A black bear (D:6)
  2 orc warriors
  A swamp drake (Swamp:1)
  2 ice beasts
  2 manticore skeletons (Volcano)
  4 ogres
  A necrophage (D:6)
  8 crocodiles
  A big kobold (D:7)
  5 giant frogs
  2 scorpions
  A water moccasin skeleton (D:5)
  A spriggan skeleton (Volcano)
  3 troll skeletons (Volcano)
  A giant frog zombie (D:6)
  2 crimson imps (D:5)
  3 jellies
  Crazy Yiuf (D:6)
  A centaur skeleton (Volcano)
  2 centaur zombies (D:6)
  5 iguanas
  An orc priest (D:8)
  Ijyb (D:3)
  A giant frog skeleton (D:6)
  A gnoll shaman (D:6)
  A hound (D:8)
  6 worker ants
  An orc wizard (D:5)
  3 mummies (Volcano)
  2 worker ant zombies
  3 adders
  4 gnolls (D:6)
  38 river rats
  A shadow imp (D:5)
  2 oozes
  A worm (D:3)
  6 giant geckos
  12 orcs
  A bat skeleton (D:6)
  A bat zombie (D:6)
  2 giant cockroaches
  8 goblins
  7 hobgoblins
  11 jackals
  2 quokkas
  3 ball pythons
  18 bats
  2 giant newts
  15 kobolds
  A quokka skeleton (D:4)
  13 rats
  A fungus (D:6)
347 creatures vanquished.

Vanquished Creatures (collateral kills)
  An ogre (D:6)
1 creature vanquished.

Vanquished Creatures (others)
  6 fungi
  2 plants
8 creatures vanquished.

Grand Total: 356 creatures vanquished

Notes
Turn   | Place    | Note
--------------------------------------------------------------
     0 | D:1      | neecht the Spriggan Enchanter began the quest for the Orb.
     0 | D:1      | Reached XP level 1. HP: 9/9 MP: 5/5
   204 | D:1      | Reached XP level 2. HP: 5/13 MP: 4/7
   256 | D:1      | Learned a level 2 spell: Ensorcelled Hibernation
   549 | D:2      | Reached XP level 3. HP: 3/16 MP: 2/9
   743 | D:3      | Noticed Ijyb
   989 | D:3      | Killed Ijyb
   989 | D:3      | Reached skill level 5 in Hexes
   989 | D:3      | Reached XP level 4. HP: 5/21 MP: 0/11
  1104 | D:3      | Learned a level 3 spell: Confuse
  1108 | D:3      | Learned a level 3 spell: Tukima's Dance
  1199 | D:3      | Noticed Sigmund
  1428 | D:3      | Noticed an ice beast
  1495 | D:4      | Reached XP level 5. HP: 13/24 MP: 13/13
  1529 | D:4      | Reached skill level 5 in Spellcasting
  1773 | D:4      | Reached skill level 6 in Hexes
  1842 | D:4      | Found a glowing silver altar of Zin.
  1927 | D:5      | Entered Level 5 of the Dungeon
  2066 | D:5      | Noticed an ice beast
  2081 | D:5      | Noticed an orc warrior
  2088 | D:5      | Reached XP level 6. HP: 8/28 MP: 11/15
  2254 | D:5      | Found a staircase to the Ecumenical Temple.
  2264 | Temple   | Entered the Ecumenical Temple
  2275 | Temple   | Became a worshipper of Dithmenos the Shadowed
  2318 | D:5      | Noticed a centaur
  2396 | D:5      | Killed an orc warrior
  2547 | D:5      | Reached skill level 7 in Hexes
  2597 | D:5      | Killed an ice beast
  2597 | D:5      | Reached skill level 1 in Shields
  2597 | D:5      | Reached XP level 7. HP: 9/32 MP: 0/18
  2809 | D:6      | Found Jipiryne's Jewellery Boutique.
  2833 | D:6      | HP: 1/32 [giant frog zombie (4)]
  3179 | D:6      | Found Yngekhlenk's Gadget Shoppe.
  3209 | D:6      | Found Geumibuu's Book Emporium.
  3296 | D:6      | Found Cuishyud's Book Boutique.
  3349 | D:6      | Reached skill level 8 in Hexes
  3349 | D:6      | Reached XP level 8. HP: 32/36 MP: 3/20
  3583 | D:6      | Learned a level 3 spell: Dazzling Spray
  3617 | D:6      | Noticed Crazy Yiuf
  3621 | D:6      | Killed Crazy Yiuf
  3851 | D:7      | Reached skill level 5 in Stealth
  4207 | D:8      | Reached skill level 9 in Hexes
  4230 | D:8      | Noticed Pikel
  4400 | D:8      | Found a white marble altar of Elyvilon.
  4406 | D:8      | Acquired Dithmenos's first power
  4507 | D:8      | Found a bloodstained altar of Trog.
  4511 | D:8      | Noticed Grum
  4541 | D:8      | Killed Grum
  4541 | D:8      | Reached XP level 9. HP: 22/39 MP: 17/23
  4638 | D:8      | Found a shattered altar of Ashenzari.
  4790 | D:8      | Killed Pikel
  4790 | D:8      | Reached skill level 10 in Hexes
  4855 | D:9      | Reached skill level 10 in Spellcasting
  5016 | D:9      | Found a bloodstained altar of Trog.
  5017 | D:9      | Found a basalt altar of Yredelemnul.
  5017 | D:9      | Found an ancient bone altar of Kikubaaqudgha.
  5099 | D:9      | Reached skill level 5 in Shields
  5198 | D:9      | Found a staircase to the Lair.
  5208 | Lair:1   | Entered Level 1 of the Lair of Beasts
  5337 | Lair:1   | Noticed a spiny frog
  5359 | Lair:1   | Killed a spiny frog
  5359 | Lair:1   | Reached XP level 10. HP: 24/44 MP: 12/25
  5373 | Lair:1   | Noticed a spiny frog
  5489 | Lair:1   | Noticed Nergalle
  5508 | Lair:1   | Reached skill level 11 in Hexes
  5537 | Lair:1   | Killed Nergalle
  5612 | Lair:1   | Reached skill level 5 in Dodging
  5645 | Lair:1   | Noticed a spiny frog
  5652 | Lair:1   | Killed a spiny frog
  5671 | Lair:1   | Killed a spiny frog
  5792 | Lair:2   | Acquired Dithmenos's second power
  5863 | Lair:2   | Noticed a black mamba
  5909 | Lair:2   | Killed a black mamba
  6006 | Lair:2   | Noticed a seven-headed hydra
  6124 | Lair:2   | Noticed a five-headed hydra
  6198 | Lair:2   | Reached XP level 11. HP: 39/47 MP: 8/26
  6242 | Lair:2   | Reached skill level 12 in Hexes
  6490 | Lair:3   | Found a staircase to the Swamp.
  6557 | Lair:3   | Found a hole to the Spider Nest.
  6722 | Lair:4   | Noticed a five-headed hydra
  6760 | Lair:4   | Reached skill level 10 in Stealth
  6869 | Lair:4   | Acquired Dithmenos's third power
  7026 | Lair:5   | Noticed a catoblepas
  7042 | Lair:5   | Noticed a seven-headed hydra
  7083 | Lair:5   | Killed a catoblepas
  7435 | Lair:5   | Killed a seven-headed hydra
  7435 | Lair:5   | Reached skill level 10 in Dodging
  7500 | Lair:6   | Reached skill level 13 in Hexes
  7515 | Lair:6   | Found a viscous altar of Jiyva.
  7520 | Lair:6   | Found a staircase to the Slime Pits.
  7668 | Lair:6   | Noticed a seven-headed hydra
  7702 | Lair:6   | Killed a seven-headed hydra
  7702 | Lair:6   | Reached XP level 12. HP: 43/51 MP: 12/27
  7800 | Lair:6   | Found a dark tunnel.
  7805 | Volcano  | Entered a volcano
  8288 | Lair:6   | Acquired Dithmenos's fourth power
  8610 | Lair:7   | Found a shattered altar of Ashenzari.
  8831 | Lair:7   | Reached skill level 14 in Hexes
  8834 | Lair:7   | Identified a scroll of acquirement
  8835 | Lair:7   | Got a jewelled hat
  8869 | Lair:7   | Noticed a four-headed hydra
  8888 | Lair:7   | Killed a four-headed hydra
  9057 | Lair:8   | Entered Level 8 of the Lair of Beasts
  9057 | Lair:8   | Noticed a five-headed hydra
  9078 | Lair:7   | Killed a five-headed hydra
  9193 | Lair:8   | Identified the +2 hat "Ihuunosi" {MR+} (You acquired it on level 7 of the Lair of Beasts)
  9480 | Lair:4   | Noticed a seven-headed hydra
  9495 | Lair:4   | Killed a seven-headed hydra
  9524 | Swamp:1  | Entered Level 1 of the Swamp
  9559 | Swamp:1  | Reached XP level 13. HP: 48/55 MP: 1/28
  9599 | Swamp:1  | Noticed an eight-headed hydra
  9609 | Swamp:1  | Killed an eight-headed hydra
  9700 | Swamp:1  | Noticed a four-headed hydra
  9707 | Swamp:1  | Killed a four-headed hydra
  9719 | Swamp:2  | Reached skill level 15 in Stealth
  9719 | Swamp:2  | Reached skill level 15 in Hexes
  9835 | Swamp:3  | Identified a -2 rod of inaccuracy (12/12) (You found it on level 7 of the Lair of Beasts)
  9862 | Swamp:3  | Noticed Nikola
  9911 | Swamp:3  | Got a steaming cloak
  9917 | Swamp:3  | Identified the +0 cloak of the Blind Marksman {rF+ rC+ Dex+4} (You found it on level 3 of the Swamp)
  9940 | Swamp:4  | Entered Level 4 of the Swamp
  9958 | Swamp:4  | Noticed Aizul
  9982 | Swamp:4  | Noticed Jorgrun
 10005 | Swamp:4  | Noticed a cyan very ugly thing
 10013 | Swamp:4  | Mangled by a cyan very ugly thing

Vault maps used:
D:1:      saegor_arrival_under_anarchy
D:2:      first_bread, uniq_terence
D:3:      uniq_sigmund, uniq_iyjb
D:4:      zin_academy
D:5:      temple_statues
D:6:      serial_shops, nicolae_shop_trees, shop, nicolae_shop_window_shopping,
          nicolae_shop_crystal, grunt_ministairs_13, minmay_fountain_box,
          uniq_crazy_yiuf_cottage
D:7:      the_bakery, eino_jars
D:8:      old_standard_altar, nicolae_overflow_crystal_walls, trog_wizard,
          uniq_pikel, uniq_grum
D:9:      nicolae_overflow_quartered_altars, due_lair_maze_entry_diamond
Temple:   temple_eino_lava_12
Lair:1:   dpeg_stationary_puzzle, bh_autumn_forest_stairs, uniq_nergalle
Lair:2:   special_room, beast_lair_carwin_7
Lair:3:   swamp_mist, dummy_spider_entry
Lair:4:   minivault_19
Lair:5:   ldierk_geyser, lemuel_fruit_tree
Lair:6:   slime_altar_1, nicolae_volcano_entry_s_turn, roderic_lost_polar_bear
Lair:7:   basic_altar, guppyfry_lair_drakes
Lair:8:   minmay_lair_end_enchanted_forest, grunt_megastairs_4,
          lemuel_fruit_fields, uniq_rupert, uniq_maud
Swamp:1:  evilmike_swamp_ruin_house_6, swamp_pool1, hangedman_swamp_blocks
Swamp:2:  cheibrodos_swamp_mausoleum, serial_swamp_ruin,
          evilmike_swamp_ruin_wall, evilmike_swamp_ruin_house_2,
          evilmike_swamp_ruin_rubble_1
Swamp:3:  evilmike_swamp_ruin_house_4, uniq_nikola
Swamp:4:  swamp_vile, swamp_pool1, hangedman_swamp_pad, uniq_aizul, uniq_jorgrun
Volcano:  volcano_tomb

Action                   |  1- 3 |  4- 6 |  7- 9 | 10-12 | 13-15 || total
-------------------------+-------+-------+-------+-------+-------++-------
Melee: Dagger            |    76 |   154 |   238 |   332 |    21 ||   821
       Quick blade       |       |       |     1 |       |       ||     1
 Cast: Corona            |     2 |     1 |       |       |       ||     3
       Ensorcelled Hiber |    26 |    41 |    80 |   165 |    14 ||   326
       Confuse           |       |    17 |    17 |    46 |     3 ||    83
       Dazzling Spray    |       |       |    16 |    16 |       ||    32
       Tukima's Dance    |       |       |     1 |       |       ||     1
Invok: Shadow Step       |       |       |       |       |     3 ||     3
  Use: Potion            |       |       |     1 |     3 |     1 ||     5
       Scroll            |       |       |     7 |     7 |     6 ||    20
 Stab: Sleeping          |    20 |    38 |    60 |   155 |    16 ||   289
       Confused          |       |     9 |    10 |    31 |     3 ||    53
       Distracted        |       |       |     1 |       |       ||     1
       Invisible         |       |       |     3 |     4 |       ||     7
       Fleeing           |       |       |       |     1 |       ||     1
  Eat: Bread ration      |       |     1 |       |       |       ||     1
       Fruit             |       |       |       |     2 |       ||     2
       Pizza             |       |       |       |       |     3 ||     3
